 Dungeon Sprint DCSS version 0.20-a0-647-gf178af5 (webtiles) character file.

130 Deathtrap2010 the Ruffian (level 4, -3/53 HPs)
             Began as a Troll Monk on Feb 16, 2017.
             Killed from afar by a deep elf mage (16 damage)
             ... with a shard of ice
             ... in the Dungeon (Sprint III: "The Ten Rune Challenge").
             The game lasted 00:02:06 (151 turns).

Deathtrap2010 the Ruffian (Troll Monk)               Turns: 151, Time: 00:02:07

Health: -3/53      AC:  5    Str: 22    XL:     4   Next: 89%
Magic:  3/3        EV: 12    Int:  6    God:
Gold:   18         SH:  0    Dex: 12    Spells: 3/3 levels left

rFire    . . .     SeeInvis .     - Unarmed
rCold    . . .     Gourm    +   a - +0 robe
rNeg     . . .     Faith    .   (no shield)
rPois    .         Spirit   .   (helmet restricted)
rElec    .         Reflect  .   (no cloak)
rCorr    .         Harm     .   (gloves unavailable)
MR       .....     NoTele   +   (boots unavailable)
Stlth    ++........             (no amulet)
Regen    1.0/turn               (no ring)
MPRegen  0.1/turn               (no ring)

@: exhausted, slowed, very slow
A: unfitting armour, claws 3, fast metabolism 3, gourmand, regeneration 2,
robust 1, shaggy fur 1, strong 1, tough skin 2
a: no special abilities


You were in the Dungeon.
You were not hungry.

You visited 1 branch You collected 18 gold pieces.

Inventory:

Armour
 a - a +0 robe (worn)
Scrolls
 h - a scroll of blinking
 j - a scroll of immolation
Potions
 c - 2 potions of curing
 e - a potion of haste
 f - 2 potions of magic
 i - 2 potions of mutation
 n - 4 potions of flight
Comestibles
 b - 2 bread rations
 m - 3 fruits
 q - a royal jelly


   Skills:
 + Level 4.7 Fighting
 + Level 5.0 Dodging
 + Level 2.2 Stealth
 + Level 6.4 Unarmed Combat


You had 3 spell levels left.
You didn't know any spells.

Dungeon Overview and Level Annotations

Branches:
Dungeon (1/1)

Altars:
Elyvilon
Zin
The Shining One


Innate Abilities, Weirdness & Mutations

You are too large for most types of armour.
You have claws for hands.
Your metabolism is lightning-fast.
You like to eat raw meat.
You heal very quickly.
You are covered in fur. (AC +1)
You have very tough skin. (AC +2)
You are robust. (+10% HP)
Your muscles are strong. (Str +2)


Message History

The deep elf mage is lightly wounded.
The deep elf mage mumbles some strange words.
The deep elf mage blinks!
You feel much better.
The deep elf mage gestures at you while chanting.
The shard of ice hits you!
Ouch! That really hurt!
* * * LOW HITPOINT WARNING * * *
There is an open door here.
You completely miss the deep elf mage.
The deep elf mage is lightly wounded.
The deep elf mage barely misses you.
Okay, then.
You closely miss the deep elf mage.
The deep elf mage is lightly wounded.
The deep elf mage gestures at you while chanting.
The bolt of cold misses you. The deep elf mage casts a spell at you.
The shard of ice hits you!
You die...

▓▓▓▓▓▓▓▓ ▓▓▓ ******** .'.....♣♣
♣.#####********,*,,,*, .#......♣
♣.#___#__,*__**∩***,** ##....♣♣♣
♣.#...#__,*,_*,,,,,,,,
.#....≈♣♣♣♣♣.###@#+###+#*,,,,,,,,
.#...≈≈..♣♣..#..e.......*,,,,,,,,
.#.†≈≈≈≈.♣.♣.'.⌠........*,*,,,,*,
'#..≈≈≈≈≈≈...#...######+*,*,***,*
.#.≈≈≈≈≈≈....#.⌠.#__*,,,*+*******
.#.≈≈≈≈≈.....#...#__*,,,*,,,,*,*,
.#.≈≈≈.......#+###__*,,,**,*,,*,*
##...........#,,,*__*,,,+**,*,*,*
.............#___*__+,,,*,,,*,,*,


You could see a deep elf mage.

Vanquished Creatures
  A water elemental (D)
  Jessica (D)
  A human (D)
  A wolf (D)
  2 oozes (D)
  A rat (D)
7 creatures vanquished.

Vanquished Creatures (others)
  6 hellions (D)
6 creatures vanquished.

Grand Total: 13 creatures vanquished

Notes
Turn   | Place    | Note
-------+----------+-------------------------------------------
     0 | D        | Deathtrap2010 the Troll Monk began the quest for the Orb.
     0 | D        | Reached XP level 1. HP: 22/22 MP: 0/0
     9 | D        | Reached XP level 2. HP: 25/31 MP: 1/1
    15 | D        | Noticed Jessica
    19 | D        | Killed Jessica
    19 | D        | Reached skill level 4 in Unarmed Combat
    19 | D        | Reached XP level 3. HP: 38/39 MP: 2/2
    57 | D        | Reached skill level 5 in Unarmed Combat
    80 | D        | Gained mutation: You expend magic power (3 MP) to strengthen your wands. [potion of mutation]
    80 | D        | Gained mutation: You are resistant to electric shocks. (rElec) [potion of mutation]
    80 | D        | Gained mutation: Your body sometimes deteriorates upon taking damage. [potion of mutation]
    80 | D        | Gained mutation: You are robust. (+10% HP) [potion of mutation]
    81 | D        | Lost mutation: You expend magic power (3 MP) to strengthen your wands. [potion of mutation]
    81 | D        | Lost mutation: Your body sometimes deteriorates upon taking damage. [potion of mutation]
    81 | D        | Lost mutation: You are resistant to electric shocks. (rElec) [potion of mutation]
    81 | D        | Lost mutation: You are robust. (+10% HP) [potion of mutation]
    81 | D        | Gained mutation: You have large cloven feet. [potion of mutation]
    81 | D        | Gained mutation: You are covered in thick fur. (AC +2) [potion of mutation]
    82 | D        | Lost mutation: You have large cloven feet. [potion of mutation]
    82 | D        | Lost mutation: You are covered in thick fur. (AC +2) [potion of mutation]
    82 | D        | Gained mutation: You heal very quickly. [potion of mutation]
    82 | D        | Gained mutation: Your muscles are strong. (Str +2) [potion of mutation]
    82 | D        | Gained mutation: You are robust. (+10% HP) [potion of mutation]
   104 | D        | Killed a hellion
   105 | D        | Reached XP level 4. HP: 52/52 MP: 3/3
   105 | D        | Killed a hellion
   105 | D        | Killed a hellion
   105 | D        | Killed a hellion
   128 | D        | Noticed a water elemental
   132 | D        | Killed a water elemental
   132 | D        | Reached skill level 5 in Dodging
   132 | D        | Reached skill level 6 in Unarmed Combat
   138 | D        | Found a glowing silver altar of Zin.
   138 | D        | Found a glowing golden altar of the Shining One.
   138 | D        | Found a white marble altar of Elyvilon.
   139 | D        | Noticed a deep elf mage
   144 | D        | Killed a hellion
   149 | D        | Killed a hellion
   151 | D        | Killed from afar by a deep elf mage

Vault maps used:
D:        dungeon_sprint_mu

Skill      XL: |  1  2  3  4 |
---------------+-------------+-----
Fighting       | 3 4 |  4.7
Dodging        | 3 4 5 |  5.0
Unarmed Combat | 4 5 6 |  6.4
Stealth        | 2 |  2.2

Action                   |  1- 3 |  4- 6 || total
-------------------------+-------+-------++-------
Melee: Unarmed           |    20 |    12 ||    32
  Use: Scroll            |     6 |       ||     6
       Potion            |     3 |     2 ||     5
 Stab: Sleeping          |     2 |       ||     2
Armor: Robe              |     5 |     1 ||     6
Dodge: Dodged            |    11 |     5 ||    16
